 Dungeon Crawl Stone Soup version 0.18.1-48-g4cf74bf (webtiles) character file.

1522073 rjaguar3 the Conqueror (level 27, 273/273 HPs)
             Began as a Minotaur Berserker on July 19, 2016.
             Was an Elder of Trog.
             Escaped with the Orb
             ... and 3 runes on Aug 24, 2016!
             The game lasted 12:49:46 (94718 turns).

rjaguar3 the Conqueror (Minotaur Berserker)        Turns: 94718, Time: 12:49:47

Health: 273/273    AC: 34    Str: 29    XL:     27
Magic:  10/10      EV: 18    Int: 14    God:    Trog [****..]
Gold:   1523       SH: 17    Dex: 16    Spells: 0 memorised, 26 levels left

rFire  + + +     SeeInvis .     o - +9 demon whip (antimagic)
rCold  + + +     Gourm    .     d - +7 plate armour {rN+}
rNeg   + + .     Faith    .     J - +2 buckler {rN+}
rPois  +         Spirit   .     f - +0 hat of Tier {*Drain +Inv Str+4 Int+4}
rElec  +         Dismiss  .     a - +2 cloak {+Inv}
rCorr  .         Reflect  +     w - +2 pair of gloves {Str+3}
SustAt .         Harm     .     M - +2 pair of boots {Fly}
MR     ++...                    B - +4 amulet of reflection
Stlth  ..........               g - ring "Jogo" {+Fly rElec rPois rC+++ Str-2}
                                W - ring of Ytuid {Wiz +Fly rF+++ Int+4 Dex-3}

@: flying, very resistant to hostile enchantments, extremely unstealthy
A: retaliatory headbutt, beak, horns 2, deformed body
a: Berserk, Trog's Hand, Brothers in Arms, Burn Spellbooks, Renounce Religion,
Evoke Invisibility, Stop Flying
0: Orb of Zot
}: 3/15 runes: barnacled, silver, gossamer


You escaped.
You worshipped Trog.
Trog was greatly pleased with you.
You were not hungry.

You visited 9 branches of the dungeon, and saw 51 of its levels.
You visited the Abyss 1 time.
You also visited: Volcano.

You collected 7278 gold pieces.
You spent 5755 gold pieces at shops.

Inventory:

Hand Weapons
 o - a +9 antimagic demon whip (weapon)
 I - the +2 long sword of Precise Incision {drain, -Tele rC+ Dex+5}
   (You found it on level 4 of the Depths)

   A truly terrible weapon, it drains the life of those it strikes.
   It affects your dexterity (+5).
   It protects you from cold.
   It prevents most forms of teleportation.
 S - the +9 hunting sling of Amebeaba {venom, Int+4}
   (You found it on level 12 of the Dungeon)

   It poisons the ammo it fires.
   It affects your intelligence (+4).
 U - a +6 blowgun
Missiles
 t - 5 poisoned javelins
 H - 622 sling bullets
 R - 14 needles of confusion
 V - 27 curare-tipped needles
 X - 14 javelins of penetration (quivered)
Armour
 a - a +2 cloak of invisibility (worn)
 d - a +7 plate armour of positive energy (worn)
 f - the +0 hat of Tier (worn) {*Drain +Inv Str+4 Int+4}
   (You acquired it on level 5 of the Vaults)

   It affects your strength (+4).
   It affects your intelligence (+4).
   It lets you turn invisible.
   It causes draining when unequipped.
 w - a +2 pair of gloves of strength (worn)
 J - a +2 buckler of positive energy (worn)
 M - a +2 pair of boots of flying (worn)
Jewellery
 g - the ring "Jogo" (right hand) {+Fly rElec rPois rC+++ Str-2}
   (You found it on level 2 of the Depths)

   [ring of flight]

   It affects your strength (-2).
   It renders you almost immune to cold.
   It insulates you from electricity.
   It protects you from poison.
   It lets you fly.
 l - an uncursed ring of resist corrosion
 m - the ring of Dysh {rPois AC+5}
   (You found it on level 8 of the Lair of Beasts)

   [ring of protection]

   It affects your AC (+5).
   It protects you from poison.
 p - the ring of Light {+Fly rF+ Int+3}
   (You found it on level 3 of the Elven Halls)

   [ring of flight]

   It affects your intelligence (+3).
   It protects you from fire.
   It lets you fly.
 u - an uncursed ring of protection from cold
 x - an uncursed ring of positive energy
 B - a +4 amulet of reflection (around neck)
 E - an uncursed ring of protection from magic
 O - an uncursed ring of sustain attributes
 Q - an uncursed ring of see invisible
 W - the ring of Ytuid (left hand) {Wiz +Fly rF+++ Int+4 Dex-3}
   (You bought it in a shop on level 3 of the Vaults)

   [ring of wizardry]

   It improves your spell success rate.
   It affects your intelligence (+4).
   It affects your dexterity (-3).
   It renders you almost immune to fire.
   It lets you fly.
Wands
 r - a wand of heal wounds (6/9)
 F - a wand of teleportation (6/9)
 N - a wand of flame (2/48)
Scrolls
 h - a scroll of blinking
 i - 16 scrolls of remove curse
 k - a scroll of silence
 n - a scroll of recharging
 y - 8 scrolls of fog
 C - 9 scrolls of teleportation
 G - a scroll of magic mapping
 Y - 4 scrolls of fear
 Z - 9 scrolls of identify
Potions
 e - 7 potions of heal wounds
 s - 3 potions of cancellation
 v - 6 potions of resistance
 z - 6 potions of agility
 D - 3 potions of magic
 K - 2 potions of cure mutation
 T - 7 potions of curing
Miscellaneous
 q - a phantom mirror
 A - a disc of storms
 L - a fan of gales
 P - a box of beasts {used: 5}
Comestibles
 c - 23 bread rations
 j - 37 fruits


   Skills:
 O Level 27 Fighting
 - Level 22.4 Maces & Flails
 + Level 17.1(19.3) Slings
 + Level 14.7(17.4) Throwing
 * Level 22.4 Armour
 * Level 16.1 Dodging
 + Level 4.0 Stealth
 O Level 27 Shields
 + Level 10.7 Evocations


You had 26 spell levels left.
You didn't know any spells.

Dungeon Overview and Level Annotations

Branches:
Dungeon (15/15)            Temple (0/1) D:7            Lair (8/8) D:9
 Shoals (4/4) Lair:6       Spider (4/4) Lair:4        Slime (0/6) Lair:6
    Orc (2/2) D:11            Elf (3/3) Orc:2        Vaults (5/5) D:13
  Crypt (0/3) Vaults:3     Depths (5/5) D:15            Zot (5/5) Depths:5

Altars:
Ashenzari
Fedhas
Nemelex Xobeh
Okawaru
Pakellas
Qazlal
Ru
Sif Muna
Zin
Beogh

Shops:
D:4 (   D:8 !   Orc:2 ([*=   Shoals:2 [%[:   Shoals:4 *   Vaults:2 [
Vaults:3 =*[!   Depths:1 :

Portals:
Hell: Depths:1 Depths:2 Depths:3 Depths:4 Depths:5
Abyss: Depths:1 Depths:3 Depths:4
Pandemonium: Depths:3
Ziggurat: Depths:3

Annotations:
Shoals:1 exclusions: Roxanne and 2 ice statues, Roxanne
Shoals:2 exclusion: upstairs
Spider:3 exclusion: 2 oklob plants
Elf:2 5 runed doors
Depths:5 exclusions: spriggan berserker and 1 more exclusion
Zot:1 3 exclusions
Zot:2 2 exclusions
Zot:3 2 exclusions
Zot:4 2 exclusions


Innate Abilities, Weirdness & Mutations

You reflexively headbutt those who attack you in melee.
You have a pair of horns on your head.
You have a beak for a mouth.
Armour fits poorly on your strangely shaped body.


Message History

Your mature oxweird beast hits the hellion!!
The hellion dies!
Trog accepts your kill.
A neqoxec comes into view.
The neqoxec gestures at you.
Your mature oxweird beast twists and deforms.
The neqoxec hits your mature oxweird beast!
Your mature oxweird beast completely misses the neqoxec.
Your mature oxweird beast tramples the neqoxec.
The neqoxec is shoved backwards!
The neqoxec gestures.
Your mature oxweird beast hits the neqoxec but does no damage.
Your mature oxweird beast tramples the neqoxec.
The neqoxec is shoved backwards!
There is a stone staircase leading up here.
You fly upwards.
There is a stone staircase leading down here.
HP restored.
There is a staircase leading out of the dungeon here.
You have escaped!

#.###### #.#######.#.#
# #.# ### #.# #.#.###
#.# #.##### #.#
#....## #.# #.#8.8##
#.# ##.###.. ..#
#......# #.# #.## ##.
### #......# #.# #.#
#. #......###.# #.##
##. #......8##.#
##.###.# #......@##.#
#....## ##......8##.#
#.##.## #..)....###.#
#.##.## ### #.......#
#.# #.##.## ..#
#.......# #.# #.##.##
#.# ###..#8.8####.##
#.##.##
#.#####....#######...#
#.....)
#.#..................#
###...#
#....###############.#
#...#


There were no monsters in sight!

Vanquished Creatures
  3 orbs of fire
  Mara (Spider:3)
  A juggernaut (Depths:4)
  5 ancient liches (Zot:5)
  Sojobo (Vaults:4)
  Frederick (Vaults:4)
  Boris (Depths:5)
  2 caustic shrikes
  3 curse toes
  3 Killer Klowns (Zot:5)
  Nikola (Shoals:4)
  6 golden dragons
  A profane servitor (Vaults:4)
  Xtahua (Vaults:4)
  Arachne (Spider:4)
  Jorgrun (Shoals:4)
  5 electric golems
  2 liches
  16 tentacled monstrosities
  2 deep elf blademasters (Elf:3)
  26 Orb Guardians
  6 titans
  3 quicksilver dragons
  A kraken (Shoals:4)
  8 death cobs
  4 sphinxes
  Frances (Shoals:2)
  11 storm dragons
  Kirke (Shoals:4)
  6 shadow dragons
  Ilsuiw (Shoals:4)
  11 frost giants
  Wiglaf (Spider:4)
  4 draconian monks
  6 fire giants
  8 ghost moths
  3 iron dragons
  6 tengu reavers
  9 draconian knights
  Aizul (Elf:3)
  2 deep elf sorcerers
  Donald (Spider:1)
  6 draconian zealots
  3 draconian scorchers
  15 vault wardens
  A balrug (Depths:4)
  3 deep elf elementalists (Elf:3)
  A ghoul (Vaults:4)
  A draconian shifter (Zot:3)
  3 spriggan defenders
  5 emperor scorpions
  56 very ugly things
  2 orc warlords
  6 draconian annihilators
  33 stone giants
  4 draconian callers
  13 ironheart preservers
  4 war gargoyles
  9 green draconians
  5 vampire knights
  A starcursed mass (Abyss:2)
  5 deep elf demonologists
  Azrael (D:15)
  7 black draconians
  7 deep elf annihilators
  11 yellow draconians
  7 mottled draconians
  Snorg (D:14)
  3 salamander stormcallers
  10 red draconians
  12 spark wasps
  9 purple draconians
  6 white draconians
  A merfolk javelineer (Shoals:4)
  12 ettins
  3 jiangshi (D:15)
  A crystal guardian (Vaults:2)
  24 fire dragons
  10 yaktaur captains
  10 merfolk impalers
  10 deep elf death magi
  11 ogre magi
  A deep elf high priest (Elf:3)
  34 vault guards
  8 great orbs of eyes
  11 entropy weavers
  Harold (Lair:3)
  12 rakshasas
  4 merfolk avatars
  17 ice dragons
  8 hydras
  7 spriggan air magi
  7 merfolk aquamancers
  11 centaur warriors
  3 death knights
  A satyr (shapeshifter) (Depths:2)
  10 deep troll shamans
  9 deep troll earth magi
  A queen ant (shapeshifter) (Depths:3)
  10 tengu warriors
  4 vampire magi
  8 spriggan berserkers
  An orc high priest (Orc:2)
  14 dancing weapons
  A shock serpent (shapeshifter) (Vaults:5)
  Nergalle (Lair:2)
  41 slime creatures
  21 deep elf knights
  3 sun demons
  2 skeletal warriors (Vaults:3)
  Urug (D:12)
  Sonja (Lair:1)
  5 iron trolls
  2 soul eaters
  A shadow wraith (Vaults:1)
  6 hell knights (Vaults:4)
  4 fire crabs
  A fire crab (shapeshifter) (D:15)
  A salamander mystic (Depths:2)
  2 unseen horrors
  An infernal demonspawn (Zot:1)
  24 deep trolls
  13 sea snakes
  11 flayed ghosts
  2 giant orange brains
  6 wizards
  27 deep elf archers
  A hill giant (shapeshifter) (D:12)
  A lindwurm (Zot:1)
  An anubis guard (shapeshifter) (Depths:4)
  33 orb spiders
  7 harpies
  10 phantasmal warriors
  15 ironbrand convokers
  7 hill giants
  9 cyclopes
  62 deep elf magi
  14 orc knights
  39 ugly things
  9 hornets
  2 necromancers
  A mana viper (shapeshifter) (Depths:2)
  15 fauns
  A wolf spider (shapeshifter) (Vaults:5)
  5 orc sorcerers (Orc:2)
  A worldbinder (Abyss:2)
  15 griffons
  3 salamanders
  55 wolf spiders
  14 elephants
  31 moths of wrath
  15 manticores
  2 black mambas
  10 sirens
  2 rust devils
  9 water nymphs
  16 vault sentinels
  A gargoyle (D:13)
  An orange demon (Depths:1)
  An eye of devastation (shapeshifter) (Vaults:5)
  25 spiny frogs
  63 yaktaurs
  A centaur skeleton (D:12)
  2 rime drakes
  11 freezing wraiths
  An ancient zyme (Abyss:2)
  21 demonic crawlers
  A tormentor (Zot:1)
  2 efreet
  13 komodo dragons
  A komodo dragon (shapeshifter) (Elf:2)
  3 tengu conjurers
  9 trolls
  A red devil (Depths:1)
  A hellwing (D:6)
  A giant leech (Lair:8)
  44 merfolk
  A polar bear (shapeshifter) (Vaults:4)
  A queen bee (shapeshifter) (Vaults:3)
  5 boulder beetles
  20 two-headed ogres
  A wind drake (Lair:6)
  54 jumping spiders
  5 small abominations
  A polar bear (Lair:7)
  7 snapping turtles
  19 blink frogs
  A stone giant simulacrum (Vaults:2)
  A redback (shapeshifter) (Depths:3)
  17 wraiths
  42 tarantellas
  5 spriggans
  6 wyverns
  A ynoxinul (Abyss:2)
  7 fire elementals
  2 hogs (shapeshifter) (Vaults:1)
  19 air elementals
  A tarantella (shapeshifter) (Orc:2)
  98 redbacks
  22 water elementals
  2 hogs (Shoals:4)
  4 fire bats (Volcano)
  45 yaks
  Eustachio (D:5)
  2 chaos spawn (Depths:3)
  23 hippogriffs
  5 hungry ghosts
  A yaktaur simulacrum (Vaults:1)
  A neqoxec (Depths:1)
  2 steam dragons
  12 vampire mosquitoes
  A hippogriff (shapeshifter) (Vaults:2)
  5 basilisks
  7 mottled dragons
  A swamp worm (shapeshifter) (D:14)
  17 humans (D:13)
  10 large abominations
  7 wargs
  17 water moccasins
  6 hell hounds
  A soldier ant (D:12)
  13 porcupines
  A porcupine (shapeshifter) (D:12)
  Duvessa (D:7)
  A swamp drake (shapeshifter) (D:15)
  2 eyes of draining (D:8)
  63 orc warriors
  5 ice beasts
  3 black bears (shapeshifter)
  7 sky beasts
  2 black bears
  8 wasps
  3 phantoms (D:14)
  7 necrophages
  46 ogres
  A boggart (Vaults:1)
  3 wolves (Lair:3)
  17 centaurs
  18 crocodiles
  2 crocodiles (shapeshifter)
  4 big kobolds
  4 elf zombies (Elf:1)
  4 gnoll sergeants
  A wyvern zombie (D:7)
  An earth elemental (Elf:1)
  26 giant frogs
  Dowan (D:7)
  4 scorpions
  27 killer bees
  21 wights
  3 electric eels (Lair:8)
  3 howler monkeys
  9 crimson imps
  5 centaur zombies
  2 giant frog zombies
  A human simulacrum (Vaults:3)
  An iron imp (Abyss:2)
  3 jellies
  21 orc priests
  Crazy Yiuf (D:3)
  A giant frog skeleton (D:9)
  4 hounds
  41 orc wizards
  8 iguanas
  16 worker ants
  19 sheep
  2 hound zombies
  Robin (D:3)
  A worker ant zombie (D:9)
  6 gnolls
  A howler monkey skeleton (D:5)
  50 river rats
  8 adders
  5 shadow imps
  An ooze (D:3)
  3 adder skeletons
  An adder zombie (D:8)
  5 dart slugs
  3 worms
  4 giant geckos
  144 orcs
  3 giant cockroaches
  18 goblins
  10 hobgoblins
  17 jackals
  12 kobolds
  2 quokkas
  2 ball pythons
  11 bats
  A giant gecko skeleton (D:5)
  A giant gecko zombie (D:7)
  4 giant newts
  A quokka skeleton (D:8)
  A quokka zombie (D:5)
  7 rats
  A crawling corpse (Vaults:2)
  A fire vortex (Lair:5)
  A plant (Shoals:4)
  2 tentacles (Shoals:4)
2746 creatures vanquished.

Vanquished Creatures (collateral kills)
  A juggernaut (Depths:4)
  A titan (Depths:3)
  A shadow dragon (Vaults:5)
  2 tengu reavers
  3 fire giants (Vaults:5)
  A vault warden (Vaults:5)
  An iron dragon (Depths:3)
  3 frost giants
  Louise (Spider:2)
  A draconian annihilator (Depths:5)
  2 stone giants
  An ironheart preserver (Vaults:5)
  A green draconian (Zot:4)
  A black draconian (Zot:4)
  A purple draconian (Zot:4)
  A vault guard (Vaults:5)
  2 deep elf death magi (Vaults:5)
  Josephine (Lair:8)
  An entropy weaver (Spider:3)
  A great orb of eyes (Depths:3)
  An ice dragon (Depths:3)
  A yaktaur captain (Vaults:5)
  A spriggan air mage (Depths:3)
  3 orc high priests (Orc:2)
  A spriggan (Depths:4)
  A putrid demonspawn (Zot:1)
  A flayed ghost (Depths:3)
  2 phantasmal warriors
  A hill giant (shapeshifter) (Vaults:5)
  A deep elf mage (Elf:3)
  4 orb spiders
  A faun (Shoals:1)
  A manticore (shapeshifter) (D:15)
  An orc sorcerer (Orc:2)
  A wolf spider (Vaults:5)
  2 elephants (Lair:5)
  An orange demon (Zot:1)
  A hellion (D:2)
  A red devil (D:11)
  2 jumping spiders
  A two-headed ogre (Vaults:4)
  5 redbacks
  2 water elementals (Shoals:1)
  3 tarantellas
  A wraith (Lair:8)
  A porcupine (Lair:3)
  6 orc warriors
  A wasp (Depths:4)
  3 ogres (Vaults:4)
  A giant frog (Lair:3)
  5 orc priests (Orc:2)
  An iguana (Lair:5)
  3 orcs (Orc:2)
88 creatures vanquished.

Vanquished Creatures (others)
  2 deep elf master archers (Elf:3)
  A death cob (Zot:2)
  2 stone giants
  A green draconian (Zot:5)
  2 merfolk javelineers
  A merfolk impaler (Shoals:4)
  5 yaktaur captains
  A deep elf high priest (Elf:3)
  An ice dragon (D:3)
  A centaur warrior (Depths:2)
  A deep troll shaman (Depths:4)
  A satyr (Shoals:4)
  2 deep elf knights
  5 deep elf archers
  2 deep elf magi (Elf:1)
  An orb spider (Spider:1)
  2 moths of wrath (Zot:5)
  7 yaktaurs
  4 jumping spiders
  A redback (Spider:1)
  2 humans (Shoals:4)
  A wasp (Spider:4)
  5 centaurs
  An orc (D:12)
  A jackal zombie (D:8)
  A fire vortex (Lair:5)
  17 fungi
  47 plants
  30 tentacles
  553 tentacle segments
701 creatures vanquished.

Grand Total: 3535 creatures vanquished

Notes
Turn   | Place    | Note
--------------------------------------------------------------
     0 | D:1      | rjaguar3 the Minotaur Berserker began the quest for the Orb.
     0 | D:1      | Reached XP level 1. HP: 19/19 MP: 0/0
   150 | D:1      | Reached XP level 2. HP: 24/27 MP: 1/1
   495 | D:1      | Reached XP level 3. HP: 20/33 MP: 2/2
   965 | D:2      | Reached ** piety under Trog
  1141 | D:2      | Found a stormy altar of Qazlal.
  1539 | D:2      | Reached XP level 4. HP: 41/41 MP: 3/3
  2378 | D:3      | Found an oddly glowing altar of Pakellas.
  2378 | D:3      | Noticed an ice dragon
  2419 | D:3      | Killed an ice dragon
  2421 | D:3      | Reached skill level 1 in Stealth
  2440 | D:3      | Reached skill level 5 in Maces & Flails
  2448 | D:3      | Found a shattered altar of Ashenzari.
  2503 | D:3      | Noticed Crazy Yiuf
  2512 | D:3      | Killed Crazy Yiuf
  2512 | D:3      | Reached XP level 5. HP: 47/47 MP: 4/4
  2874 | D:3      | Noticed Robin
  2884 | D:3      | Killed Robin
  2889 | D:3      | Reached *** piety under Trog
  3001 | D:4      | Reached skill level 5 in Fighting
  3014 | D:4      | Noticed an ogre
  3123 | D:4      | Killed an ogre
  3123 | D:4      | Reached XP level 6. HP: 51/56 MP: 5/5
  3372 | D:4      | Found a sparkling altar of Nemelex Xobeh.
  3600 | D:4      | Found Yffewnih's Weapon Boutique.
  3735 | D:5      | Entered Level 5 of the Dungeon
  3862 | D:5      | Noticed a sky beast
  3886 | D:5      | Killed a sky beast
  4168 | D:5      | Noticed Eustachio
  4197 | D:6      | Noticed an ice beast
  4203 | D:6      | Killed an ice beast
  4203 | D:6      | Reached XP level 7. HP: 63/63 MP: 6/6
  4510 | D:6      | Reached skill level 1 in Throwing
  4525 | D:6      | Found a glowing silver altar of Zin.
  4574 | D:6      | Reached XP level 8. HP: 50/73 MP: 7/7
  5470 | D:7      | Noticed Duvessa
  5470 | D:7      | Noticed Dowan
  5481 | D:7      | Killed Duvessa
  5481 | D:7      | Reached skill level 5 in Armour
  5486 | D:7      | Killed Dowan
  5636 | D:7      | Reached **** piety under Trog
  5910 | D:7      | Reached XP level 9. HP: 78/83 MP: 8/8
  5956 | D:7      | Found a staircase to the Ecumenical Temple.
  6156 | D:8      | Found Gammo's Distillery.
  6273 | D:8      | Bought a potion of curing for 48 gold pieces
  6273 | D:8      | Bought a potion of mutation for 40 gold pieces
  6273 | D:8      | Bought a potion of haste for 160 gold pieces
  6273 | D:8      | Bought a potion of flight for 48 gold pieces
  6273 | D:8      | Bought a potion of might for 64 gold pieces
  6295 | D:8      | Reached skill level 10 in Maces & Flails
  6903 | D:8      | Reached skill level 10 in Fighting
  7223 | D:8      | Noticed a hill giant
  7594 | D:9      | Reached XP level 10. HP: 93/93 MP: 9/9
  7792 | D:9      | Reached ***** piety under Trog
  7910 | D:9      | Found a sacrificial altar of Ru.
  7939 | D:9      | Reached skill level 5 in Dodging
  8087 | D:9      | Found an iron altar of Okawaru.
  8122 | D:9      | Found a staircase to the Lair.
  8523 | D:10     | Entered Level 10 of the Dungeon
  8730 | D:10     | Received a gift from Trog
  9783 | D:11     | Noticed a cyclops
  9825 | D:10     | Noticed a hill giant
 10126 | Lair:1   | Entered Level 1 of the Lair of Beasts
 10139 | Lair:1   | Reached XP level 11. HP: 104/104 MP: 10/10
 10540 | Lair:1   | Noticed Sonja
 10557 | Lair:1   | Killed Sonja
 11148 | Lair:1   | Noticed a five-headed hydra
 11156 | Lair:1   | Killed a five-headed hydra
 12053 | Lair:2   | Reached skill level 10 in Armour
 12343 | Lair:2   | Received a gift from Trog
 12464 | Lair:2   | Noticed Nergalle
 12474 | Lair:2   | Killed Nergalle
 13282 | Lair:3   | Reached XP level 12. HP: 115/115 MP: 11/11
 13370 | Lair:3   | Found a dark tunnel.
 13388 | Volcano  | Entered a volcano
 13416 | Volcano  | Received a gift from Trog
 13600 | Lair:3   | Noticed Harold
 13612 | Lair:3   | Killed Harold
 13756 | Lair:3   | Found a shattered altar of Ashenzari.
 14486 | Lair:4   | Reached skill level 15 in Maces & Flails
 14620 | Lair:4   | Found a hole to the Spider Nest.
 16081 | Lair:5   | Noticed an eight-headed hydra
 16086 | Lair:5   | Killed an eight-headed hydra
 16184 | Lair:5   | Noticed a six-headed hydra
 16190 | Lair:5   | Killed a six-headed hydra
 16190 | Lair:5   | Reached XP level 13. HP: 125/125 MP: 12/12
 16323 | Lair:5   | Reached skill level 1 in Shields
 16537 | Lair:6   | Found a blossoming altar of Fedhas.
 16899 | Lair:6   | Found a staircase to the Slime Pits.
 17242 | Lair:6   | Found a staircase to the Shoals.
 17280 | Lair:6   | Reached skill level 15 in Fighting
 17439 | Lair:6   | Received a gift from Trog
 18199 | Lair:8   | Entered Level 8 of the Lair of Beasts
 18781 | Lair:8   | Reached skill level 5 in Shields
 19577 | Lair:8   | Received a gift from Trog
 19811 | Lair:8   | Noticed Josephine
 19822 | Lair:8   | Reached XP level 14. HP: 136/136 MP: 13/13
 19827 | Lair:8   | Killed Josephine
 20405 | Lair:8   | Got an ancient copper ring
 20407 | Lair:8   | Identified the ring of Dysh {rPois AC+5} (You found it on level 8 of the Lair of Beasts)
 21024 | D:9      | Received a gift from Trog
 21310 | D:11     | Received a gift from Trog
 21684 | D:11     | Found a staircase to the Orcish Mines.
 22121 | Orc:1    | Entered Level 1 of the Orcish Mines
 22394 | Orc:2    | Entered Level 2 of the Orcish Mines
 22462 | Orc:2    | Paralysed by an orc sorcerer for 6 turns
 22713 | Orc:2    | Received a gift from Trog
 22810 | Orc:2    | Found a runed door.
 22858 | Orc:2    | Reached ****** piety under Trog
 22989 | Orc:2    | Received a gift from Trog
 22992 | Orc:2    | Noticed an orc warlord
 23017 | Orc:2    | Killed an orc warlord
 23152 | Orc:2    | HP: 5/137 [sun demon[an orc high priest] (9)]
 23304 | Orc:2    | Found Ipruissot's General Store.
 23311 | Orc:2    | Found Kedgh's Jewellery Shoppe.
 23315 | Orc:2    | Found Ydoweeveck's Antique Armour Shoppe.
 23315 | Orc:2    | Found Ytzegesu's Antique Weapon Emporium.
 23320 | Orc:2    | Bought a cursed amulet of inaccuracy for 24 gold pieces
 23322 | Orc:2    | Bought a +4 amulet of reflection for 350 gold pieces
 23334 | Orc:2    | Bought a slimy leather armour for 182 gold pieces
 23344 | Orc:2    | Identified the +3 leather armour of Gravity {*Confuse rPois Str+10 Stlth+} (You bought it in a shop on level 2 of the Orcish Mines)
 23356 | Orc:2    | Bought a faintly glowing mace for 216 gold pieces
 23356 | Orc:2    | Identified the +8 mace of the Evil Eye {flame, *Drain rF+ rN+ Int+5} (You bought it in a shop on level 2 of the Orcish Mines)
 23396 | Orc:2    | Paralysed by an orc sorcerer for 6 turns
 23574 | Orc:2    | Found a staircase to the Elven Halls.
 23881 | Orc:2    | Noticed an orc warlord
 23890 | Orc:1    | Received a gift from Trog
 24267 | Orc:1    | Killed an orc warlord
 24921 | Orc:2    | Found a roughly hewn altar of Beogh.
 25124 | Orc:1    | Received a gift from Trog
 25479 | D:12     | Noticed Urug
 25491 | D:12     | Killed Urug
 25550 | D:12     | Found a runed gate.
 25550 | D:12     | Found a runed gate.
 25550 | D:12     | Found a runed gate.
 25594 | D:12     | Noticed a tengu reaver
 25600 | D:12     | Noticed an iron dragon
 25666 | D:12     | Reached XP level 15. HP: 138/145 MP: 14/14
 25671 | D:12     | Found a runed gate.
 25671 | D:12     | Found a runed gate.
 25671 | D:12     | Found a runed gate.
 25822 | D:12     | Noticed a titan
 25851 | D:12     | Noticed a shadow dragon
 25852 | D:12     | Noticed a quicksilver dragon
 25852 | D:12     | a shadow dragon changed into a quicksilver dragon
 25853 | D:12     | a quicksilver dragon changed into an apis
 26325 | D:13     | Received a gift from Trog
 26585 | D:13     | Found a gate to the Vaults.
 26939 | D:14     | Received a gift from Trog
 27201 | D:14     | Paralysed by a great orb of eyes for 5 turns
 27622 | D:14     | Noticed Snorg
 27636 | D:14     | Killed Snorg
 27636 | D:14     | Reached skill level 5 in Throwing
 28252 | D:15     | Entered Level 15 of the Dungeon
 28305 | D:15     | Reached skill level 10 in Shields
 28526 | D:15     | Noticed Azrael
 28543 | D:15     | Received a gift from Trog
 28570 | D:15     | Killed Azrael
 28927 | D:15     | Found a staircase to the Depths.
 29809 | D:8      | Got a smoking shield
 29820 | D:8      | Identified the -2 shield of Honour {+Fly rElec} (You found it on level 8 of the Dungeon)
 30026 | Spider:1 | Entered Level 1 of the Spider Nest
 30567 | Lair:4   | Received a gift from Trog
 31099 | Spider:1 | Reached XP level 16. HP: 126/156 MP: 15/15
 31115 | Spider:1 | Noticed Donald
 31353 | Spider:1 | Killed Donald
 31785 | Shoals:1 | Entered Level 1 of the Shoals
 31798 | Shoals:1 | Found a frozen archway.
 32425 | Shoals:1 | Received a gift from Trog
 33160 | Shoals:1 | Reached skill level 1 in Evocations
 33366 | Shoals:1 | Noticed a kraken
 33504 | Shoals:2 | Found Panarah's Antique Armour Emporium.
 33729 | Shoals:2 | Found Vivoq's Food Shop.
 33864 | Shoals:2 | Noticed Frances
 33959 | Shoals:1 | Noticed Roxanne
 33970 | Shoals:2 | Received a gift from Trog
 34151 | Shoals:2 | Found Siediec's Antique Armour Boutique.
 34163 | Shoals:2 | Bought a pair of runed gloves for 171 gold pieces
 34177 | Shoals:2 | Bought a pair of glowing gloves for 171 gold pieces
 34239 | Shoals:2 | Found Ezxezalu's Book Emporium.
 34271 | Shoals:2 | Killed Frances
 34481 | Shoals:2 | Noticed a kraken
 34813 | Shoals:3 | Got a scorched scale mail
 34824 | Shoals:3 | Identified the +6 scale mail of Pragmatism {MR+ Dex+3} (You found it on level 3 of the Shoals)
 35577 | Shoals:4 | Entered Level 4 of the Shoals
 35686 | Shoals:4 | Got a translucent shield
 35697 | Shoals:4 | Identified the -5 shield of the Land of Plenty {rF+} (You found it on level 4 of the Shoals)
 35715 | Shoals:4 | Received a gift from Trog
 35847 | Shoals:4 | Noticed Jorgrun
 35863 | Shoals:4 | Killed Jorgrun
 35906 | Shoals:4 | Received a gift from Trog
 35906 | Shoals:4 | Reached XP level 17. HP: 165/165 MP: 17/17
 36161 | Shoals:4 | Noticed Kirke
 36173 | Shoals:4 | Killed Kirke
 36456 | Shoals:4 | Noticed Ilsuiw
 36860 | Shoals:4 | Reached skill level 10 in Dodging
 36887 | Shoals:4 | Killed Ilsuiw
 36893 | Shoals:4 | Noticed Nikola
 37530 | Shoals:4 | Killed Nikola
 37993 | Shoals:4 | Found Fukh's Assorted Antiques.
 38005 | Shoals:4 | Bought a crooked glass wand for 108 gold pieces
 38005 | Shoals:4 | Bought a pair of glowing boots for 121 gold pieces
 38220 | Shoals:4 | Noticed a kraken
 38251 | Shoals:4 | Killed a kraken
 38274 | Shoals:4 | Got a barnacled rune of Zot
 38918 | Spider:1 | Noticed Louise
 39151 | Spider:2 | Reached skill level 15 in Shields
 39196 | Spider:2 | Received a gift from Trog
 40667 | Spider:2 | Killed Louise
 40752 | Spider:2 | Reached XP level 18. HP: 154/174 MP: 18/18
 41514 | Spider:3 | Received a gift from Trog
 41673 | Spider:3 | Noticed Mara
 41680 | Spider:3 | Noticed rjaguar3's illusion
 42318 | Spider:4 | Entered Level 4 of the Spider Nest
 42793 | Spider:4 | Noticed Arachne
 42803 | Spider:4 | Killed Arachne
 43211 | Spider:4 | Received a gift from Trog
 43445 | Spider:4 | Received a gift from Trog
 43848 | Spider:4 | Got a gossamer rune of Zot
 44052 | Spider:4 | Received a gift from Trog
 44550 | Spider:4 | Noticed Wiglaf
 44571 | Spider:4 | Killed Wiglaf
 45215 | Spider:3 | Reached XP level 19. HP: 183/183 MP: 19/19
 45663 | Spider:3 | Noticed rjaguar3's illusion
 46924 | D:12     | Got a faintly humming scale mail
 46935 | D:12     | Identified the +5 scale mail of the City {MP+9 Dex+2} (You took it off a wight on level 12 of the Dungeon)
 47379 | D:12     | Got a crude hunting sling
 47380 | D:12     | Identified the +9 hunting sling of Amebeaba {venom, Int+4} (You found it on level 12 of the Dungeon)
 47384 | D:12     | Got a spiked leather armour
 47395 | D:12     | Identified the +0 leather armour of Disaster {Str+4} (You found it on level 12 of the Dungeon)
 47525 | D:11     | Received a gift from Trog
 47651 | Elf:1    | Entered Level 1 of the Elven Halls
 49213 | Elf:2    | Received a gift from Trog
 49484 | Elf:2    | Found a huge runed gate.
 49484 | Elf:2    | Found a huge runed gate.
 49485 | Elf:2    | Found a huge runed gate.
 49491 | Elf:2    | Found a huge runed gate.
 49493 | Elf:2    | Found a huge runed gate.
 50010 | Elf:2    | Received a gift from Trog
 50244 | Elf:3    | Entered Level 3 of the Elven Halls
 50593 | Elf:3    | Noticed Aizul
 50610 | Elf:3    | Killed Aizul
 51604 | Elf:3    | Reached XP level 20. HP: 194/194 MP: 7/22
 52060 | Elf:3    | Got a smoking rapier {pierce}
 52061 | Elf:3    | Identified the +6 rapier of the Ancient Realms {pierce, rC+ Int-2 SInv} (You took it off a deep elf annihilator on level 3 of the Elven Halls)
 52065 | Elf:3    | Got a scintillating iron ring
 52092 | Elf:3    | Got an encrusted broad axe {chop}
 52093 | Elf:3    | Identified the +7 broad axe "Worm" {chop, Str+6} (You took it off a deep elf annihilator on level 3 of the Elven Halls)
 52108 | Elf:3    | Got a bloodstained leather armour
 52119 | Elf:3    | Identified the +2 leather armour "Ytiz" {Dex+4} (You found it on level 3 of the Elven Halls)
 52132 | Elf:3    | Got a twisted plate armour
 52143 | Elf:3    | Identified the +13 plate armour of Hiciar {Dex+3 SInv} (You found it on level 3 of the Elven Halls)
 52190 | Elf:3    | Reached skill level 5 in Evocations
 52194 | Elf:3    | Identified the ring of Light {+Fly rF+ Int+3} (You found it on level 3 of the Elven Halls)
 52248 | Elf:3    | Received a gift from Trog
 52688 | Vaults:1 | Entered Level 1 of the Vaults
 52783 | Vaults:1 | Got a fine ruby amulet
 52784 | Vaults:1 | Identified the amulet "Aqail" {Dismiss rPois rF- rC+ Int+4} (You found it on level 1 of the Vaults)
 52934 | Vaults:1 | Reached skill level 1 in Slings
 54276 | Vaults:2 | Found Roem's Armour Shop.
 54346 | Vaults:2 | Reached skill level 5 in Slings
 54636 | Vaults:2 | Received a gift from Trog
 55873 | Vaults:2 | Received a gift from Trog
 56538 | Vaults:3 | Reached XP level 21. HP: 147/204 MP: 8/24
 56787 | Vaults:3 | Found a staircase to the Crypt.
 56798 | Vaults:3 | Found Voguhaz's Armour Emporium.
 57336 | Vaults:3 | Received a gift from Trog
 57381 | Vaults:3 | Found Zisedato's Distillery.
 57389 | Vaults:3 | Bought a potion of curing for 54 gold pieces
 57389 | Vaults:3 | Bought 2 potions of resistance for 360 gold pieces
 57389 | Vaults:3 | Bought 2 potions of cancellation for 288 gold pieces
 57389 | Vaults:3 | Bought a potion of haste for 180 gold pieces
 57389 | Vaults:3 | Bought a potion of resistance for 180 gold pieces
 57389 | Vaults:3 | Bought a potion of heal wounds for 90 gold pieces
 57634 | Vaults:3 | Reached skill level 10 in Throwing
 57635 | Vaults:3 | Found Votutyok's Jewellery Shoppe.
 57911 | Vaults:3 | Found Ogugip's Assorted Antiques.
 57939 | Vaults:3 | Bought a heavily runed chain mail for 370 gold pieces
 57951 | Vaults:3 | Identified the +0 chain mail "Faecaf" {rC++} (You bought it in a shop on level 3 of the Vaults)
 58034 | Vaults:3 | Received a gift from Trog
 58326 | Vaults:4 | Noticed Xtahua
 58338 | Vaults:4 | Killed Xtahua
 58628 | Vaults:4 | Received a gift from Trog
 58873 | Vaults:4 | Received a gift from Trog
 58913 | Vaults:4 | Noticed Sojobo
 58960 | Vaults:4 | Killed Sojobo
 58961 | Vaults:4 | Received a gift from Trog
 59136 | Vaults:4 | Cast into level 2 of the Abyss (an ogre mage)
 59136 | Abyss:2  | Found a corrupted altar of Lugonu.
 59308 | Abyss:2  | Noticed a profane servitor
 59333 | Vaults:4 | Escaped the Abyss
 59367 | Vaults:4 | Killed a profane servitor
 59967 | Vaults:4 | Received a gift from Trog
 60012 | Vaults:4 | Noticed Frederick
 60033 | Vaults:4 | Killed Frederick
 60185 | Vaults:4 | Reached skill level 15 in Armour
 60450 | Vaults:4 | Received a gift from Trog
 60941 | D:5      | Killed Eustachio
 61260 | Spider:3 | Killed Mara
 61260 | Spider:3 | Reached XP level 22. HP: 215/215 MP: 8/26
 61532 | Spider:3 | Received a gift from Trog
 62651 | Depths:1 | Entered Level 1 of the Depths
 62901 | Depths:1 | Paralysed by a vampire knight for 5 turns
 63235 | Vaults:3 | Bought an uncursed ring of positive energy for 260 gold pieces
 63632 | Depths:1 | Paralysed by a great orb of eyes for 3 turns
 63945 | Depths:1 | Found a one-way gate to the infinite horrors of the Abyss.
 64093 | Depths:1 | Found Inenawiasi's Book Shoppe.
 64473 | Depths:1 | Received a gift from Trog
 65255 | Depths:1 | Found a gateway to Hell.
 66398 | Depths:2 | Received a gift from Trog
 67910 | Depths:2 | Got a translucent bronze ring
 67912 | Depths:2 | Identified the ring "Jogo" {+Fly rElec rPois rC+++ Str-2} (You found it on level 2 of the Depths)
 67922 | Depths:2 | Got a crude battleaxe
 67923 | Depths:2 | Identified the +5 battleaxe of Unreason {elec, rC+} (You found it on level 2 of the Depths)
 68107 | Depths:3 | Reached XP level 23. HP: 217/227 MP: 9/28
 68119 | Depths:3 | Found a gateway to a ziggurat.
 68374 | Depths:3 | Received a gift from Trog
 68375 | Depths:3 | Got an iridescent mace {god gift}
 68376 | Depths:3 | Identified the +4 mace "Etimit" {crush, Fragile rElec rC+ Str+6} (Trog gifted it to you on level 3 of the Depths)
 68700 | Depths:3 | Noticed a caustic shrike
 68744 | Depths:3 | Killed a caustic shrike
 68976 | Depths:3 | Found a one-way gate leading to the halls of Pandemonium.
 69755 | Depths:3 | Received a gift from Trog
 70104 | Depths:3 | Received a gift from Trog
 70104 | Depths:3 | Reached skill level 10 in Slings
 70159 | Depths:3 | Paralysed by a great orb of eyes for 5 turns
 70538 | Depths:3 | Received a gift from Trog
 70638 | Depths:3 | Gained mutation: You have a beak for a mouth. [potion of beneficial mutation]
 70673 | Depths:3 | Found a deep blue altar of Sif Muna.
 71975 | Depths:3 | Received a gift from Trog
 73242 | Vaults:5 | Entered Level 5 of the Vaults
 73292 | Vaults:5 | Received a gift from Trog
 73436 | Vaults:5 | Reached XP level 24. HP: 110/240 MP: 9/29
 73582 | Vaults:5 | Received a gift from Trog
 73980 | Vaults:4 | Reached skill level 10 in Evocations
 74517 | Vaults:5 | Identified a scroll of acquirement
 74730 | Vaults:5 | Received a gift from Trog
 74804 | Vaults:5 | Got a pair of twisted gloves
 74820 | Vaults:5 | Identified the cursed +0 pair of gloves "Zamm" {rElec rC+++ Str-2 Int+4} (You found it on level 5 of the Vaults)
 75126 | Vaults:5 | Got an uncursed encrusted broad axe {chop}
 75127 | Vaults:5 | Identified the +7 broad axe of Abrog {chop, Str+3} (You took it off a yaktaur captain on level 5 of the Vaults)
 75290 | Vaults:5 | Got a silver rune of Zot
 75292 | Vaults:5 | Received a gift from Trog
 75944 | Vaults:5 | Got a smoking hat
 75955 | Vaults:5 | Identified the +0 hat of Tier {*Drain +Inv Str+4 Int+4} (You acquired it on level 5 of the Vaults)
 76003 | Vaults:4 | Got a jewelled plate armour
 76014 | Vaults:4 | Identified the +3 plate armour of Onukkunong {rF+ rC- Int+4 Dex+4} (You took it off a vault guard on level 4 of the Vaults)
 76064 | Vaults:4 | Received a gift from Trog
 76505 | Vaults:3 | Bought the ring of Ytuid {Wiz +Fly rF+++ Int+4 Dex-3} for 990 gold pieces
 76505 | Vaults:3 | Bought an uncursed ring of protection from magic for 325 gold pieces
 76505 | Vaults:3 | Bought an uncursed ring of sustain attributes for 227 gold pieces
 78196 | Depths:4 | Received a gift from Trog
 78331 | Depths:4 | Reached XP level 25. HP: 245/253 MP: 9/29
 78843 | Depths:4 | Noticed a juggernaut
 78856 | Depths:4 | Killed a juggernaut
 78894 | Depths:4 | Noticed a juggernaut
 78936 | Depths:4 | Killed a juggernaut
 78978 | Depths:4 | Received a gift from Trog
 80408 | Depths:5 | Entered Level 5 of the Depths
 81128 | Depths:5 | Noticed Boris
 81146 | Depths:5 | Killed Boris
 81155 | Depths:5 | Received a gift from Trog
 81367 | Depths:5 | Received a gift from Trog
 81730 | Depths:5 | Found a gate to the Realm of Zot.
 81740 | Zot:1    | Entered Level 1 of the Realm of Zot
 82232 | Depths:5 | Received a gift from Trog
 82903 | Zot:1    | Reached XP level 26. HP: 146/264 MP: 9/29
 83795 | Zot:1    | Reached skill level 27 in Fighting
 84010 | Zot:1    | Received a gift from Trog
 84143 | Zot:1    | Reached skill level 15 in Slings
 84517 | Zot:1    | Received a gift from Trog
 85825 | Zot:2    | Noticed an orb of fire
 85827 | Zot:2    | Gained mutation: You are weak. (Str -2) [an orb of fire]
 85835 | Zot:2    | Gained mutation: Armour fits poorly on your strangely shaped body. [an orb of fire]
 85840 | Zot:2    | Killed an orb of fire
 86807 | Zot:3    | Got a translucent long sword
 86808 | Zot:3    | Identified the +7 long sword of the Last Places {speed, Fragile MR++} (You found it on level 3 of the Realm of Zot)
 88411 | Zot:3    | Reached XP level 27. HP: 242/273 MP: 9/29
 89128 | Zot:4    | Received a gift from Trog
 89418 | Zot:5    | Entered Level 5 of the Realm of Zot
 90037 | Zot:5    | Received a gift from Trog
 90800 | Vaults:1 | Received a gift from Trog
 90926 | Vaults:3 | Bought the +2 ring mail of the First Snow {-Tele rF++ rN+ Str+4} for 728 gold pieces
 91120 | Vaults:4 | Reached skill level 15 in Dodging
 91630 | Depths:4 | Got an ebony long sword
 91631 | Depths:4 | Identified the cursed +2 long sword of Precise Incision {drain, -Tele rC+ Dex+5} (You found it on level 4 of the Depths)
 92058 | Zot:5    | Noticed an ancient lich
 92070 | Zot:5    | Killed an ancient lich
 92074 | Zot:5    | Received a gift from Trog
 92108 | Zot:5    | Noticed an ancient lich
 92121 | Zot:5    | Killed an ancient lich
 92433 | Zot:5    | Noticed an ancient lich
 92439 | Zot:5    | Noticed an ancient lich
 92439 | Zot:5    | Noticed an orb of fire
 92460 | Zot:5    | Killed an ancient lich
 92460 | Zot:5    | Gained mutation: You are very weak. (Str -4) [an orb of fire]
 92463 | Zot:5    | Lost mutation: You are very weak. (Str -4) [an orb of fire]
 92466 | Zot:5    | Gained mutation: You regenerate slowly when monsters are visible. [an orb of fire]
 92478 | Zot:5    | Killed an ancient lich
 92480 | Zot:5    | Gained mutation: You are dopey. (Int -2) [an orb of fire]
 92491 | Zot:5    | Gained mutation: You occasionally shout uncontrollably at your foes. [an orb of fire]
 92503 | Zot:5    | Killed an orb of fire
 92593 | Zot:5    | Lost mutation: You are weak. (Str -2) [potion of cure mutation]
 92593 | Zot:5    | Lost mutation: You occasionally shout uncontrollably at your foes. [potion of cure mutation]
 92593 | Zot:5    | Lost mutation: Armour fits poorly on your strangely shaped body. [potion of cure mutation]
 92593 | Zot:5    | Lost mutation: You are dopey. (Int -2) [potion of cure mutation]
 92593 | Zot:5    | Lost mutation: You regenerate slowly when monsters are visible. [potion of cure mutation]
 92748 | Zot:5    | Noticed an ancient lich
 92759 | Zot:5    | Killed an ancient lich
 93014 | Zot:5    | Received a gift from Trog
 93395 | Zot:5    | Reached skill level 27 in Shields
 93581 | Zot:5    | Noticed an orb of fire
 93598 | Zot:5    | Gained mutation: Armour fits poorly on your strangely shaped body. [an orb of fire]
 93610 | Zot:5    | Killed an orb of fire
 93779 | Zot:5    | Got the Orb of Zot
 93829 | Zot:5    | Noticed an ancient lich
 94127 | Depths:3 | Noticed a seraph
 94202 | Depths:2 | Noticed Diol the pandemonium lord
 94230 | Depths:1 | Received a gift from Trog
 94289 | Depths:1 | Noticed Toefafur the pandemonium lord
 94462 | D:11     | Noticed Gyegask the pandemonium lord
 94718 | D:$      | Escaped with the Orb!

Skill      XL: |  1  2  3  4  5  6  7  8  9 10 11 12 13 14 15 16 17 18 19 20 21 22 23 24 25 26 27 |
---------------+----------------------------------------------------------------------------------+-----
Maces & Flails | 4 5 6 7 9 11 12 14 15 16 18 19 20 21 22 | 22.4
Fighting       | 4 5 6 7 9 10 11 13 14 15 16 17 18 19 20 21 22 23 24 25 26 27 | 27.0
Stealth        | 1 2 3 4 |  4.0
Dodging        | 3 4 5 6 7 8 9 10 12 13 14 16 | 16.1
Armour         | 3 4 5 7 8 10 12 13 14 15 16 17 19 22 | 22.4
Throwing       | 1 2 3 4 5 6 7 8 9 10 11 12 13 14 | 14.7
Shields        | 5 8 10 13 15 17 18 19 21 22 23 24 25 27 | 27.0
Evocations     | 1 4 6 7 8 9 10 | 10.7
Slings         | 5 7 9 10 12 14 16 17 | 17.1

Action                   |  1- 3 |  4- 6 |  7- 9 | 10-12 | 13-15 | 16-18 | 19-21 | 22-24 | 25-27 || total
-------------------------+-------+-------+-------+-------+-------+-------+-------+-------+-------++-------
Melee: Mace              |    96 |   134 |   314 |   685 |  1731 |  1800 |    26 |       |       ||  4786
       Headbutt          |     8 |    18 |    68 |   168 |   475 |   570 |   607 |   835 |   675 ||  3424
       Great mace        |       |       |       |       |    35 |       |       |       |       ||    35
       Demon whip        |       |       |       |       |       |       |  1763 |  2394 |  2085 ||  6242
       Eveningstar       |       |       |       |       |       |       |    30 |       |       ||    30
       Blowgun           |       |       |       |       |       |       |       |    11 |       ||    11
       Peck              |       |       |       |       |       |       |       |   343 |   651 ||   994
 Fire: Hunting sling     |       |       |       |       |       |       |    72 |       |       ||    72
       Blowgun           |       |       |       |       |       |       |     3 |     9 |       ||    12
Throw: Stone             |       |     4 |    41 |    36 |       |       |       |       |       ||    81
       Javelin           |       |       |       |     3 |    41 |    20 |   125 |   158 |   253 ||   600
       Tomahawk          |       |       |       |       |   100 |   252 |   105 |    30 |       ||   487
Invok: Berserk           |     1 |     4 |     4 |    22 |    37 |    26 |    15 |     4 |     5 ||   118
       Trog's Hand       |       |     2 |       |     6 |    12 |    19 |    20 |    21 |    17 ||    97
       Burn Spellbooks   |       |       |     1 |     1 |     4 |     6 |     6 |    10 |     4 ||    32
       Brothers in Arms  |       |       |       |     1 |     7 |    12 |     4 |    13 |     8 ||    45
 Abil: Evoke Flight      |       |       |       |       |       |     6 |       |       |       ||     6
       Evoke Invisibilit |       |       |       |       |       |       |       |       |     1 ||     1
       Turn Visible      |       |       |       |       |       |       |       |       |     1 ||     1
Evoke: Wand              |       |       |       |     1 |     8 |    15 |     1 |     4 |       ||    29
       Box of beasts     |       |       |       |       |       |     1 |       |       |     4 ||     5
  Use: Scroll            |       |     2 |     1 |    19 |    24 |    12 |    17 |    17 |    11 ||   103
       Potion            |       |       |       |     1 |     6 |     6 |     2 |     6 |     8 ||    29
 Stab: Sleeping          |     2 |       |       |       |       |       |       |       |       ||     2
       Distracted        |       |       |       |       |       |     2 |       |       |     1 ||     3
       Invisible         |       |       |       |       |       |       |       |       |     1 ||     1
  Eat: Chunk             |     3 |    10 |    11 |    48 |    80 |    48 |    57 |    34 |    31 ||   322
       Beef jerky        |       |     1 |     1 |     2 |     1 |     1 |       |     6 |     1 ||    13
       Meat ration       |       |       |     1 |       |     1 |     3 |       |       |     1 ||     6
       Pizza             |       |       |       |     1 |       |       |     1 |     1 |       ||     3
       Fruit             |       |       |       |       |     5 |     2 |     1 |       |     1 ||     9
       Bread ration      |       |       |       |       |       |     3 |     2 |     5 |     5 ||    15
       Royal jelly       |       |       |       |       |       |       |       |     1 |     2 ||     3
Armor: Animal skin       |    17 |     5 |       |       |       |       |       |       |       ||    22
       Plate armour      |       |    81 |   215 |   311 |       |       |   226 |   539 |   568 ||  1940
       Chain mail        |       |       |       |   105 |   576 |       |       |       |       ||   681
       Fire dragon armou |       |       |       |       |   154 |   170 |       |       |       ||   324
       Fire dragon hide  |       |       |       |       |     5 |       |       |       |       ||     5
       Scale mail        |       |       |       |       |       |   541 |   108 |       |       ||   649
Dodge: Dodged            |    68 |    58 |   125 |   320 |   711 |  1029 |   390 |   548 |   571 ||  3820
Block: Buckler           |       |       |       |    15 |   414 |       |       |   750 |   967 ||  2146
       Shield            |       |       |       |       |   253 |  1615 |   908 |   275 |       ||  3051
       Reflection        |       |       |       |       |    17 |    65 |   184 |    74 |    36 ||   376
       Other             |       |       |       |       |       |       |    10 |       |       ||    10
